 Dungeon Crawl Stone Soup version 0.30.0-5-g1a98f26d00 (webtiles) character file.

Game seed: 8971775796595412049

4498 dialectric the Fighter (level 10, -27/66 HPs)
             Began as a Gargoyle Artificer on May 9, 2023.
             Was a Follower of Lugonu.
             Killed from afar by a wizard (39 damage)
             ... with a fireball
             ... on level 9 of the Dungeon.
             The game lasted 00:17:21 (8188 turns).

dialectric the Fighter (Gargoyle Artificer)         Turns: 8188, Time: 00:17:21

Health: -27/66     AC: 21    Str: 19    XL:     10   Next: 38%
Magic:  10/10      EV: 12    Int: 13    God:    Lugonu [*.....]
Gold:   348        SH:  5    Dex: 10    Spells: 9/9 levels left

rFire   . . .        h - +2 short sword (protect)
rCold   . . .        (no shield)
rNeg    + . .        a - +0 steam dragon scales
rPois   ∞            (no helmet)
rElec   +            v - +0 cloak
rCorr   .            (no gloves)
SInv    +            y - +1 pair of boots
Will    .....        F - amulet of reflection
Stlth   +            x - ring of see invisible
HPRegen 0.31/turn    d - +4 ring of protection
MPRegen 0.12/turn

%: reflection
@: no status effects
A: sickness immunity, AC +7, negative energy resistance 1, electricity
resistance, torment resistance 1, petrification resistance
a: Renounce Religion, Depart the Abyss


You were on level 9 of the Dungeon.
You worshipped Lugonu.
Lugonu was aware of your devotion.
You visited 2 branches of the dungeon, and saw 10 of its levels.
You visited the Abyss 1 time.
You also visited: Bailey.

You collected 488 gold pieces.
You spent 140 gold pieces at shops.

Inventory:

Hand Weapons
 h - a +2 short sword of protection (weapon)
 w - a +1 dagger of venom
 E - a +0 halberd
Missiles
 D - 10 poisoned darts (quivered)
Armour
 a - +0 steam dragon scales (worn)
 b - a +0 leather armour
 v - a +0 cloak (worn)
 y - a +1 pair of boots (worn)
Jewellery
 d - a +4 ring of protection (right hand)
 q - a ring of willpower
 x - a ring of see invisible (left hand)
 F - an amulet of reflection (around neck)
 G - a ring of protection from fire
Scrolls
 f - 8 scrolls of identify
 m - 2 scrolls of blinking
 p - 2 scrolls of teleportation
 r - 3 scrolls of magic mapping
 s - a scroll of noise
 t - 2 scrolls of amnesia
 A - a scroll of fear
 C - 2 scrolls of poison
Potions
 c - a potion of ambrosia {unknown}
 g - 2 potions of magic
 i - 2 potions of attraction
 j - a potion of haste {unknown}
 k - a potion of might {unknown}
 l - a potion of brilliance {unknown}
 n - 2 potions of curing
 o - a potion of cancellation
 u - a potion of flight
 z - a potion of invisibility
 B - a potion of mutation {unknown}


   Skills:
 * Level 9.1 Fighting
 + Level 8.6 Short Blades
 + Level 0.8 Throwing
 + Level 7.1 Armour
 - Level 3.0 Dodging
 - Level 1.2 Stealth
 - Level 2.0 Shields
 - Level 3.4 Evocations


You had 9 spell levels left.
You didn't know any spells.
Your spell library contained the following spells:

 Spells                   Type           Power      Damage    Failure   Level
 Kiss of Death            Conj/Necr      0%         2d5       30%         1
 Sandblast                Erth           0%         2d4       30%         1
 Ensorcelled Hibernation  Hex/Ice        0%         N/A       43%         2
 Passwall                 Tmut/Erth      0%         N/A       43%         2
 Call Canine Familiar     Summ           0%         N/A       67%         3
 Confusing Touch          Hex            0%         N/A       67%         3
 Portal Projectile        Hex/Tloc       0%         N/A       67%         3
 Spider Form              Tmut/Pois      0%         N/A       67%         3
 Stone Arrow              Conj/Erth      0%         3d7       67%         3
 Anguish                  Hex/Necr       0%         N/A       97%         4
 Dispel Undead            Necr           0%         3d6       97%         4
 Leda's Liquefaction      Hex/Erth       0%         N/A       97%         4


Dungeon Overview and Level Annotations

Branches:
Dungeon (9/15)             Temple (0/1) D:4            Lair (1/5) D:8
 Bailey (visited)
    Orc: D:9-12

Altars:
Dithmenos
Kikubaaqudgha
Okawaru
Sif Muna
Vehumet
Wu Jian
Yredelemnul

Shops:
D:2 [   D:3 (   D:4 (([   D:6 ?

Annotations:
D:4 2 transporters
D:5 Dowan, Duvessa
D:7 Maggie
Lair:1 Amaemon


Innate Abilities, Weirdness & Mutations

You are immune to sickness and miasma.
Your stone body is resilient. (AC +7)
You are immune to poison.
You resist negative energy. (rN+)
You are resistant to electric shocks. (rElec)
You are resistant to unholy torment.
You are immune to petrification.


Message History

Unknown command.
Okay, then.
Found a potion of flight.
Found three runelights.
A spatial vortex comes into view.
Found a runelight.
A hellephant and a purple draconian shifter come into view.
A spatial vortex comes into view.
Found a runelight.
The hellephant blinks!
Unknown command.
There is a corrupted altar of Lugonu here.
You kneel at the altar of Lugonu.
You have lost your religion!
Dithmenos does not appreciate desertion!
Your aura of darkness fades away.
Lugonu welcomes you!
You can now depart the Abyss.
You can now banish your foes.
Unknown command.
Press < or > to pray at altars.
Your memory of the abyssal rune fades away.
You pass through the gate.
Welcome back to the Dungeon!
You can no longer banish your foes.
Unknown command.
The wizard points at you and mumbles some strange words.
You resist the pull of the Abyss. The wizard attacks as you move away!
The wizard barely misses you. The wizard attacks as you move away!
The wizard closely misses you. The wizard attacks as you move away!
The wizard closely misses you. The wizard casts a spell at you.
The fireball explodes!
The fireball engulfs you!!
* * * LOW HITPOINT WARNING * * *
You hear a roar!
You hear a howl!
The wizard howls an incantation.
The wizard's hands start to glow.
There is a stone staircase leading up here.
The wizard casts a spell at you.
The fireball explodes!
The fireball engulfs you!!!
Ouch! That really hurt!
You die...

*,,,,>.....'......'.#
####..
*,,,,.....##.†....###
##.
*****###**#:#....#.#
####)
#..#''#..#####....
########..####.#...#..
#.....#...##.†.......#
#.....#...##.######...
#.....###....## ##.#
#....@.p..#...## #..#
#.....#######..# #.##
#......## ##.####.#
#.......#* #....#.#
#.....#..# ####...#
#.....##.#*#######..##
#######*..............
**########....<
###.###.


You could see a wizard.

Vanquished Creatures
  3 wyverns (D:8)
  8 yaks
  A spriggan (Bailey)
  A basilisk (D:8)
  2 water moccasins
  2 ice beasts (D:8)
  A sky beast (D:7)
  2 ogres (Bailey)
  2 centaurs (D:9)
  A lemure (D:6)
  A phantom (D:4)
  3 bullfrogs
  A howler monkey (D:6)
  7 hounds
  An orc priest (D:6)
  Jessica (D:3)
  2 iguanas
  An orc wizard (D:2)
  6 adders
  A gnoll (D:4)
  A shadow imp (D:8)
  A white imp (D:7)
  2 worms
  A dart slug (D:3)
  15 orcs
  6 ball pythons
  4 bats
  7 endoplasms
  5 giant cockroaches
  A hobgoblin (D:3)
  5 kobolds
  2 quokkas
  6 frilled lizards
  5 goblins
  6 rats
  A spectral orc (D:5)
115 creatures vanquished.

Vanquished Creatures (collateral kills)
  A spriggan (Bailey)
  A yak (D:9)
  A steam dragon (D:8)
  A basilisk (D:8)
  2 ogres (Bailey)
  A kobold brigand (D:7)
  A scorpion (D:7)
  A killer bee (D:9)
  2 howler monkeys (D:9)
  2 gnolls (D:5)
  2 orcs (D:6)
  2 kobolds (D:7)
17 creatures vanquished.

Vanquished Creatures (others)
  Pikel (D:7)
  3 yaks
  An ogre (D:7)
  An orc wizard (D:2)
  2 starspawn tentacles (Abyss:3)
8 creatures vanquished.

Grand Total: 140 creatures vanquished

Notes
Turn   | Place    | Note
-------+----------+-------------------------------------------
     0 | D:1      | dialectric the Gargoyle Artificer began the quest for the
                  | Orb.
     0 | D:1      | Reached XP level 1. HP: 12/12 MP: 1/1
    96 | D:1      | Found a faded altar of an unknown god.
   119 | D:1      | Prayed at the altar of an unknown god.
   119 | D:1      | Became a worshipper of Dithmenos the Shadowed
   119 | D:1      | Reached * piety under Dithmenos
   311 | D:1      | Reached XP level 2. HP: 16/16 MP: 2/2
   835 | D:2      | Reached XP level 3. HP: 14/20 MP: 3/3
   887 | D:2      | Reached skill level 1 in Dodging
   930 | D:2      | Reached skill level 1 in Short Blades
   930 | D:2      | Reached XP level 4. HP: 17/25 MP: 4/4
  1113 | D:2      | Found Ifacaral's Armour Emporium.
  1236 | D:2      | Reached ** piety under Dithmenos
  1734 | D:3      | Noticed Jessica
  1738 | D:3      | Killed Jessica
  1739 | D:3      | Reached XP level 5. HP: 30/30 MP: 5/5
  2129 | D:3      | Found Goquicuts's Weapon Shop.
  2220 | D:3      | Found a shimmering blue altar of Sif Muna.
  2568 | D:4      | Reached skill level 2 in Fighting
  2633 | D:4      | Found a staircase to the Ecumenical Temple.
  2774 | D:4      | Found a transporter.
  2786 | D:4      | Found a transporter.
  2817 | D:4      | Found Kaje's Antique Armour Shoppe.
  2817 | D:4      | Found Peburghokh's Antique Weapon Emporium.
  2820 | D:4      | Found Zeaddy's Weapon Shop.
  3034 | D:4      | Noticed a phantom
  3069 | D:4      | Killed a phantom
  3070 | D:4      | Reached XP level 6. HP: 22/36 MP: 6/6
  3197 | D:5      | Entered Level 5 of the Dungeon
  3333 | D:2      | Bought a +0 pair of boots for 63 gold pieces
  3959 | D:5      | Found a basalt altar of Yredelemnul.
  4007 | D:5      | Found an iron altar of Okawaru.
  4074 | D:5      | Reached XP level 7. HP: 31/40 MP: 7/7
  4074 | D:5      | Noticed Dowan
  4076 | D:5      | Noticed Duvessa
  4083 | D:5      | You fall into a shaft and drop 1 floor!
  4286 | D:6      | Found Jumyracva's Magic Scroll Emporium.
  4302 | D:6      | Reached skill level 3 in Fighting
  4305 | D:6      | Bought a scroll of teleportation for 33 gold pieces
  4305 | D:6      | Bought a scroll of fear for 44 gold pieces
  4340 | D:6      | Noticed Pikel
  4518 | D:7      | Noticed Maggie
  4535 | D:7      | HP: 2/41 [Maggie/the +9 lance "Wyrmbane" {slay drac, rPois
                  | rF+ rC+ AC+3} (9)]
  4536 | D:7      | Your ally Pikel died
  4884 | D:7      | Reached XP level 8. HP: 44/47 MP: 8/8
  4902 | D:7      | Reached skill level 5 in Short Blades
  4902 | D:7      | Reached skill level 5 in Armour
  4926 | D:7      | Found an ancient bone altar of Kikubaaqudgha.
  5014 | D:9      | Found an ornate altar of the Wu Jian Council.
  5014 | D:9      | Noticed a yak
  5014 | D:9      | Noticed a yak
  5014 | D:9      | Noticed a yak
  5101 | D:9      | Reached skill level 4 in Fighting
  5190 | D:9      | Found a flagged portal.
  5201 | Bailey   | Entered a bailey
  5227 | Bailey   | Reached *** piety under Dithmenos
  5408 | Bailey   | Noticed a spriggan
  5414 | Bailey   | Reached skill level 5 in Fighting
  5416 | Bailey   | Noticed a spriggan
  5419 | Bailey   | Killed a spriggan
  5420 | Bailey   | Reached skill level 1 in Shields
  5427 | Bailey   | Killed a spriggan
  5428 | Bailey   | Reached XP level 9. HP: 29/55 MP: 9/9
  5968 | D:8      | Reached skill level 6 in Fighting
  6162 | D:8      | Found a radiant altar of Vehumet.
  6382 | D:8      | Reached skill level 7 in Fighting
  7380 | D:8      | Reached skill level 8 in Fighting
  7393 | D:8      | Found a staircase to the Lair.
  7428 | D:8      | Reached XP level 10. HP: 47/64 MP: 10/10
  7575 | Lair:1   | Entered Level 1 of the Lair of Beasts
  7578 | Lair:1   | Noticed an orange demon
  7579 | Lair:1   | Noticed Amaemon
  7926 | D:9      | Noticed a wizard
  8077 | D:9      | Reached skill level 9 in Fighting
  8089 | Abyss:2  | Cast into level 2 of the Abyss (a wizard)
  8110 | Abyss:2  | Found a snail-covered altar of Cheibriados.
  8132 | Abyss:3  | Noticed a bone dragon
  8155 | Abyss:3  | Noticed a tentacled starspawn
  8161 | Abyss:3  | Found a corrupted altar of Lugonu.
  8168 | Abyss:3  | Noticed a hellephant
  8168 | Abyss:3  | Noticed a purple draconian shifter
  8169 | Abyss:3  | Noticed an elephant
  8173 | Abyss:3  | Found a corrupted altar of Lugonu.
  8178 | Abyss:3  | Fell from the grace of Dithmenos
  8178 | Abyss:3  | Became a worshipper of Lugonu the Unformed
  8178 | Abyss:3  | Reached * piety under Lugonu
  8178 | Abyss:3  | Reached ** piety under Lugonu
  8179 | D:9      | Escaped the Abyss
  8188 | D:9      | Killed from afar by a wizard

Illustrated notes

Levels and vault maps discovered:
D:1:      tarquinn_simple_flora_water_b, layout_loops_ring,
          hellmonk_ecumenical_altar_leap_of_faith
D:2:      layout_basic, serial_shops, shop, roderic_lattice_a
D:3:      layout_loops_ring, nicolae_sif_muna_condensation, serial_shops, shop,
          hangedman_decor_slide_cut, hangedman_feature_mirror, uniq_jessica
D:4:      gammafunk_steamed_eel, layout_loops_cross, minmay_temple_entry_hall,
          nicolae_wooded_promenade, dk_noncrumbling_4,
          kennysheep_generic_room_16
D:5:      layout_cave_pools, yredelemnul_forgotten_temple_becter,
          nicolae_overflow_crystal_walls, uniq_duvessa
D:6:      layout_basic, serial_shops, shop, nicolae_square_shop,
          nrook_mini_vaults, uniq_grinder, uniq_pikel
D:7:      layout_rooms, lemuel_round_altar, minitemple,
          hellmonk_guarded_unrand_vitality_bloodlust, uniq_maggie
D:8:      layout_loops_ring, lemuel_coloured_pillars_altar, erik_lair_dragon
D:9:      layout_rooms, nicolae_wu_jian_immortal_techniques, enter_bailey_2,
          lightli_fourway_metalbox
Lair:1:   hellmonk_destroyed_diamonds, layout_misc_corridors,
          ebering_ghost_reflecting_pool, chequers_serial_rivers_micro_a,
          uniq_amaemon

Skill      XL: |  1  2  3  4  5  6  7  8  9 10 |
---------------+-------------------------------+-----
Evocations     | 3 |  3.4
Dodging        | 1 2 3 |  3.0
Short Blades   | 1 2 3 4 6 7 8 |  8.6
Armour         | 3 4 6 7 |  7.1
Fighting       | 2 3 5 8 9 |  9.1
Shields        | 1 2 |  2.0
Throwing       | |  0.8
Stealth        | |  1.2

Action                     |  1- 3 |  4- 6 |  7- 9 | 10-12 || total
---------------------------+-------+-------+-------+-------++-------
  Melee: Short sword       |    87 |   297 |   479 |    82 ||   945
         Punch             |       |     6 |     1 |     1 ||     8
  Throw: Dart              |       |       |     4 |       ||     4
 Invoke: Depart the Abyss  |       |       |       |     1 ||     1
  Evoke: Wand              |       |     9 |    30 |     5 ||    44
    Use: Scroll            |       |     1 |    10 |     2 ||    13
         Potion            |       |       |    11 |     1 ||    12
   Stab: Sleeping          |     2 |     4 |     2 |       ||     8
         Invisible         |       |       |       |     3 ||     3
 Armour: Leather armour    |    30 |   111 |   189 |       ||   330
         Steam dragon scal |       |       |       |    22 ||    22
  Dodge: Dodged            |    37 |   171 |   269 |    39 ||   516
  Block: Other             |       |       |    61 |    13 ||    74
         Reflection        |       |       |       |     3 ||     3
